[Event "Reykjavik Open 2025"]
[Site "Reykjavik, Iceland"]
[Date "2025.04.09"]
[Round "1.1"]
[White "Maghsoodloo, Parham"]
[Black "Tscheuschner, Georg"]
[Result "1-0"]
[ECO "E46"]
[WhiteElo "2684"]
[BlackElo "2168"]
[PlyCount "69"]
[EventDate "2025.??.??"]
[TimeControl "90+30"]
[WhiteClock "0:18:29"]
[BlackClock "0:00:49"]

1. d4 Nf6 2. c4 e6 3. Nc3 Bb4 4. e3 O-O 5. Nge2 c6 6. a3 Ba5 7. Bd2 d5 8. Ng3 Nbd7 9. f4 Bc7 10. Rc1 dxc4 11. Bxc4 Nd5 12. O-O f5 13. Nh1 b5 14. Ba2 Rf6 15. Rf3 N7b6 16. Nf2 Nc4 17. Nd3 Bb6 18. Ne2 Bd7 19. Bxc4 bxc4 20. Rxc4 c5 21. dxc5 Bb5 22. Rd4 Bxd3 23. Rxd3 Bxc5 24. Nc3 Qb6 25. Rxd5 exd5 26. Nxd5 Qd6 27. Nxf6+ gxf6 28. h3 Re8 29. Kh2 Kh8 30. Qc2 Qd5 31. Bc3 Re6 32. Qf2 Qe4 33. Qh4 Bxe3 34. Rg3 Bd4 35. Qh6 1-0

[Event "Reykjavik Open 2025"]
[Site "Reykjavik, Iceland"]
[Date "2025.04.09"]
[Round "1.2"]
[White "Vroombout, Enrico"]
[Black "Ivic, Velimir"]
[Result "0-1"]
[ECO "B92"]
[WhiteElo "2161"]
[BlackElo "2623"]
[PlyCount "68"]
[EventDate "2025.??.??"]
[TimeControl "90+30"]
[WhiteClock "0:01:45"]
[BlackClock "0:08:23"]

1. e4 c5 2. Nf3 d6 3. d4 cxd4 4. Nxd4 Nf6 5. Nc3 a6 6. Be2 e5 7. Nb3 Be7 8. O-O O-O 9. Be3 Be6 10. f4 exf4 11. Rxf4 Nc6 12. Nd5 Bxd5 13. exd5 Ne5 14. Rb4 Qc7 15. a4 Rfe8 16. a5 Bf8 17. Bf2 g6 18. c3 Bh6 19. Qd4 Re7 20. Bh4 Ned7 21. Qc4 Qxc4 22. Bxc4 Re4 23. Bg3 Rc8 24. Nd4 Be3+ 25. Kh1 Ne5 26. Bf1 Rc7 27. Rb6 Rd7 28. Re1 Nxd5 29. Rb3 Nf6 30. Nf3 Bc5 31. Nxe5 dxe5 32. Be2 Rd2 33. Bf3 Rxe1+ 34. Bxe1 Rc2 0-1

[Event "Reykjavik Open 2025"]
[Site "Reykjavik, Iceland"]
[Date "2025.04.09"]
[Round "1.3"]
[White "Lu, Shanglei"]
[Black "Birkisson, Bjorn Holm"]
[Result "1-0"]
[ECO "C02"]
[WhiteElo "2618"]
[BlackElo "2154"]
[PlyCount "72"]
[EventDate "2025.??.??"]
[TimeControl "90+30"]
[WhiteClock "0:24:24"]
[BlackClock "0:00:01"]

1. e4 e6 2. d4 d5 3. e5 c5 4. c3 Nc6 5. Nf3 Bd7 6. Be2 Nge7 7. O-O Ng6 8.
g3 f6 9. exf6 gxf6 10. c4 dxc4 11. Nc3 cxd4 12. Nxd4 Bg7 13. Ncb5 Nxd4 14. Nd6+ Ke7 15. Qxd4 Qb6 16. Qxb6 axb6 17. Nxc4 Bb5 18. Bd2 Bxc4 19. Bxc4 Ne5 20. Be2 f5 21. Bc3 Kf7 22. Rfe1 Bf6 23. Bxe5 Bxe5 24. Bc4 Kf6 25. Re2 Rac8 26. Bb3 Rhe8 27. Rae1 Rc5 28. Kg2 f4 29. gxf4 Bd4 30. Rxe6+ Rxe6 31. Rxe6+ Kf5 32. Rxb6 Kxf4 33. Rxb7 Rg5+ 34. Kf1 Rh5 35. Rb4 Ke4 36. Bc2+ Kd5 1-0

[Event "Reykjavik Open 2025"]
[Site "Reykjavik, Iceland"]
[Date "2025.04.09"]
[Round "1.4"]
[White "Villiers, Thomas"]
[Black "Safarli, Eltaj"]
[Result "0-1"]
[ECO "C56"]
[WhiteElo "2154"]
[BlackElo "2617"]
[PlyCount "98"]
[EventDate "2025.??.??"]
[TimeControl "90+30"]
[WhiteClock "0:43:31"]
[BlackClock "0:21:11"]

1. e4 e5 2. Nf3 Nc6 3. Bc4 Bc5 4. c3 Nf6 5. d4 exd4 6. O-O Nxe4 7. cxd4 d5 8. dxc5 dxc4 9. Qe2 Qe7 10. Qxc4 Bf5 11. Re1 Qe6 12. Qa4 O-O-O 13. Be3 Qf6 14. Na3 Rhe8 15. b4 Nc3 16. Qb3 Ne2+ 17. Kh1 Rd3 18. Qc4 Rxa3 19. Qxe2 Bg4 20. b5 Bxf3 21. Qxf3 Qxf3 22. gxf3 Nd8 23. Red1 c6 24. b6 Ne6 25. Rd2 Rd8 26. Rad1 Rxa2 27. Rxa2 Rxd1+ 28. Kg2 a6 29. Ra4 Rd5 30. Rc4 g5 31. h4 h6 32. hxg5 hxg5 33. Rc1 Kd7 34. Rh1 Nxc5 35. Rh8 Ne6 36. Rb8 Nd8 37. f4 g4 38. Bc1 Rb5 39. Bd2 c5 40. Kg3 Rxb6 41. Kxg4 Rc6 42. Ba5 Rc8 43. Rxc8 Kxc8 44. Kf5 b5 45. Kf6 b4 46. f5 Nc6 47. Kxf7 Nxa5 48. f6 Nc6 49. Kg7 Nd8 0-1

[Event "Reykjavik Open 2025"]
[Site "Reykjavik, Iceland"]
[Date "2025.04.09"]
[Round "1.5"]
[White "Ivanchuk, Vasyl"]
[Black "Alrehaili, Ahmed Abdullah S"]
[Result "1-0"]
[ECO "E62"]
[WhiteElo "2604"]
[BlackElo "2152"]
[PlyCount "57"]
[EventDate "2025.??.??"]
[TimeControl "90+30"]
[WhiteClock "0:04:39"]
[BlackClock "0:07:58"]

1. d4 Nf6 2. c4 g6 3. g3 Bg7 4. Bg2 d6 5. Nc3 O-O 6. Nf3 Nc6 7. O-O Bg4 8. d5 Na5 9. b3 c5 10. Bb2 e5 11. dxe6 fxe6 12. Qd2 Qb6 13. Nh4 e5 14. f4 Nc6 15. h3 Bc8 16. f5 gxf5 17. Nxf5 Bxf5 18. Rxf5 Ne7 19. Rff1 Rad8 20. Rad1 a6 21. Kh2 Qc7 22. Bc1 Kh8 23. Qd3 h6 24. Be3 b5 25. Qd2 Kh7 26. Ne4 Nfg8 27.
Rxf8 Bxf8 28. Nxc5 Qc8 29. Bb7 1-0

[Event "Reykjavik Open 2025"]
[Site "Reykjavik, Iceland"]
[Date "2025.04.09"]
[Round "1.6"]
[White "Haertig, Jens"]
[Black "Banusz, Tamas"]
[Result "0-1"]
[ECO "D04"]
[WhiteElo "2149"]
[BlackElo "2592"]
[PlyCount "94"]
[EventDate "2025.??.??"]
[TimeControl "90+30"]
[WhiteClock "0:13:37"]
[BlackClock "0:25:41"]

1. d4 Nf6 2. Nf3 d5 3. e3 Bf5 4. Bd3 Bg6 5. O-O c6 6. b3 e6 7. Bb2 Nbd7 8. Nbd2 Be7 9. Qe2 O-O 10. Bxg6 hxg6 11. Rfd1 a5 12. a3 Qb6 13. e4 Rfd8 14. e5 Ne8 15. c4 c5 16. Rab1 Qa6 17. dxc5 Nxc5 18. Nd4 Nc7 19. Kf1 dxc4 20. Nxc4 Nd5 21. g3 Rac8 22. Rbc1 Rd7 23. h4 Rcd8 24. Kg1 Nc7 25. Qf3 Nb5 26. Nc2 Rd3 27. Qe2 Nc3 28.
Bxc3 Rxc3 29. Rxd8+ Bxd8 30. Rd1 Be7 31. N2e3 Rxb3 32. h5 gxh5 33. Qxh5 Rd3 34. Rc1 b6 35. Kh2 Rd4 36. Nd6 Bxd6 37. exd6 Rd2 38. Ng4 Rd5 39. Ne5 g6 40. Qg5 Qe2 41. d7 Qxf2+ 42. Kh3 Qf5+ 43. Qxf5 gxf5 44. Nc6 Rxd7 45. Nxa5 Rd3 46. Kh4 bxa5 47. Rxc5 Rxa3 0-1

[Event "Reykjavik Open 2025"]
[Site "Reykjavik, Iceland"]
[Date "2025.04.09"]
[Round "1.7"]
[White "Muradli, Mahammad"]
[Black "Pattnayak Nilsu"]
[Result "1-0"]
[ECO "E06"]
[WhiteElo "2588"]
[BlackElo "2146"]
[PlyCount "85"]
[EventDate "2025.??.??"]
[TimeControl "90+30"]
[WhiteClock "1:03:41"]
[BlackClock "0:10:32"]

1. d4 Nf6 2. c4 e6 3. Nf3 d5 4. g3 Be7 5. Bg2 O-O 6. Nc3 dxc4 7. Ne5 Nc6 8.
Bxc6 bxc6 9. Nxc6 Qd6 10. Nxe7+ Qxe7 11. Qa4 c5 12. dxc5 Qxc5 13. Be3 Qc7 14. O-O-O Ng4 15. Rd4 Nxe3 16. fxe3 Rb8 17. Rhd1 Qb6 18. R1d2 e5 19. Nd5 c3 20. Nxb6 exd4 21. Rc2 axb6 22. exd4 cxb2+ 23. Rxb2 b5 24. Qb3 Bf5 25. d5 Rfc8+ 26. Kd1 Rc5 27. Qf3 Rd8 28. Qxf5 Rcxd5+ 29. Qxd5 Rxd5+ 30. Rd2 Rxd2+ 31.
Kxd2 Kf8 32. Kc3 Ke7 33. Kb4 Kd6 34. Kxb5 Kc7 35. Kc5 h5 36. e4 g5 37. Kd5 h4 38. Ke5 hxg3 39. hxg3 Kd7 40. Kf6 Kd6 41. e5+ Kd5 42. a4 g4 43. a5 1-0

[Event "Reykjavik Open 2025"]
[Site "Reykjavik, Iceland"]
[Date "2025.04.09"]
[Round "1.8"]
[White "Ptacnikova, Lenka"]
[Black "Gupta, Abhijeet"]
[Result "0-1"]
[ECO "E60"]
[WhiteElo "2142"]
[BlackElo "2576"]
[PlyCount "60"]
[EventDate "2025.??.??"]
[TimeControl "90+30"]
[WhiteClock "0:12:07"]
[BlackClock "0:44:15"]

1. Nf3 Nf6 2. c4 g6 3. d4 Bg7 4. g3 d5 5. cxd5 Nxd5 6. e4 Nb6 7. h3 O-O 8. Nc3 c5 9. Be3 cxd4 10. Nxd4 Bd7 11. Qc2 Na6 12. Rd1 Rc8 13. Ndb5 Qe8 14. Qb1 Nc4 15. Bxc4 Rxc4 16. Nxa7 Nc5 17. Nd5 Rxe4 18. O-O Rxe3 19. Nxe3 Bxh3 20. Qc2 Ne6 21. Qc4 Bxf1 22. Kxf1 Bxb2 23. Qb4 Bf6 24. Qxb7 Qa8 25. Qxa8 Rxa8 26. Rd7 Bd4 27. Nc6 Bxe3 28. fxe3 Rxa2 29. Nxe7+ Kg7 30. Nc6 Ng5 0-1

[Event "Reykjavik Open 2025"]
[Site "Reykjavik, Iceland"]
[Date "2025.04.09"]
[Round "1.9"]
[White "Jacobson, Brandon"]
[Black "Aeschbacher, Dimitri"]
[Result "1-0"]
[ECO "A17"]
[WhiteElo "2570"]
[BlackElo "2142"]
[PlyCount "69"]
[EventDate "2025.??.??"]
[TimeControl "90+30"]
[WhiteClock "0:17:31"]
[BlackClock "0:12:56"]

1. Nf3 Nf6 2. c4 e6 3. Nc3 Bb4 4. Qc2 O-O 5. e4 d6 6. a3 Ba5 7. b4 Bb6 8. e5 Ng4 9. d4 a5 10. c5 axb4 11. cxb6 bxc3 12. h3 Nh6 13. Bg5 Qd7 14. Qxc3 cxb6 15. Bxh6 gxh6 16. Qe3 Nc6 17. Bd3 Nb4 18. Be4 f5 19. exf6 Rxf6 20. Nh2 h5 21. O-O d5 22. Bxh7+ Qxh7 23. axb4 Rxa1 24. Rxa1 Bd7 25. Nf3 Rf8 26.
Qg5+ Qg7 27. Qxh5 Be8 28. Qe5 Qg6 29. Ra3 Rf5 30. Qb8 Qh6 31.
Qxe8+ Rf8 32. Qa4 Qc1+ 33. Kh2 Qf4+ 34. g3 Qe4 35. Re3 1-0

[Event "Reykjavik Open 2025"]
[Site "Reykjavik, Iceland"]
[Date "2025.04.09"]
[Round "1.12"]
[White "Arruebarrena Rodriguez, Rafael"]
[Black "Adhiban, B.."]
[Result "0-1"]
[ECO "B60"]
[WhiteElo "2129"]
[BlackElo "2554"]
[PlyCount "102"]
[EventDate "2025.??.??"]
[TimeControl "90+30"]
[WhiteClock "0:13:23"]
[BlackClock "0:26:57"]

1. e4 c5 2. Nf3 d6 3. d4 cxd4 4. Nxd4 Nf6 5. Nc3 Nc6 6. Bg5 Bd7 7. Bxf6 gxf6 8. Nf5 Qa5 9. Bb5 a6 10. Bxc6 bxc6 11. Qd3 d5 12. exd5 cxd5 13. O-O e6 14. Qd4 Rg8 15. Qxf6 Qd8 16. Qxd8+ Kxd8 17. Nd4 Rb8 18. Rab1 Kc7 19. Rfd1 Bg7 20. Nce2 Rgc8 21. c3 Kd6 22. f4 h5 23. Kf2 a5 24. b3 Ke7 25. Rbc1 Rc5 26. Rd3 f6 27. Rg3 Bh8 28. Re1 e5 29. Nf3 Be6 30. fxe5 fxe5 31. Rg5 Rf8 32. Kg1 e4 33. Nh4 Kd6 34. Ng6 Rg8 35. Rxh5 Bxc3 36. Nxc3 Rxg6 37. Ne2 Bg4 38. Rh4 Bxe2 39. Rxe2 Rc1+ 40. Kf2 Rf6+ 41. Ke3 Kc5 42. Rh8 Rc3+ 43. Kd2 Rd3+ 44. Kc2 Kd4 45. Rh4 Rf1 46. g3 Rc3+ 47. Kb2 Kd3 48. Rg2 e3 49. Rf4 Rxf4 50. gxf4 d4 51. f5 e2 0-1

[Event "Reykjavik Open 2025"]
[Site "Reykjavik, Iceland"]
[Date "2025.04.09"]
[Round "1.18"]
[White "Jonsson, Gauti Pall"]
[Black "Cornette, Matthieu"]
[Result "1/2-1/2"]
[ECO "B30"]
[WhiteElo "2122"]
[BlackElo "2528"]
[PlyCount "196"]
[EventDate "2025.??.??"]
[TimeControl "90+30"]
[WhiteClock "0:23:28"]
[BlackClock "0:20:25"]

1. e4 c5 2. Nf3 Nc6 3. Bc4 Nf6 4. Qe2 d5 5. exd5 Nxd5 6.
O-O Nb6 7. Bb5 Bd7 8. a4 a6 9. Bxc6 Bxc6 10. Ne5 Qd5 11. Nxc6 Qxc6 12. Nc3 e6 13. d3 Be7 14. a5 Nc8 15. Qg4 Kf8 16. Bg5 f6 17. Bd2 Kf7 18.
Rfe1 h5 19. Qe2 Na7 20. Ra4 Rae8 21. Rh4 g6 22. Re4 Bd8 23. Nd1 Nb5 24. Ne3 h4 25. h3 Nd4 26. Qd1 Kg7 27. c3 Nb5 28.
Nc4 Bc7 29. Qe2 Kf7 30. Bf4 e5 31. Bh2 g5 32. Bxe5 fxe5 33.
Nxe5+ Bxe5 34. Rxe5 Nc7 35. Qg4 Rxe5 36. Rxe5 Ne8 37. Qxg5 Nf6 38. Rxc5 Rh5 39. Rxc6 Rxg5 40. Rc7+ Kg6 41. b4 Nd5 42. Rxb7 Nf4 43. Rb6+ Kf5 44. g3 hxg3 45. fxg3 Rxg3+ 46. Kf2 Rxd3 47. Rxa6 Rxc3 48. Ke1 Ke4 49. Kd2 Rd3+ 50. Kc2 Nd5 51. Rh6 Nxb4+ 52. Kb2 Kd5 53. a6 Kc4 54. Rh4+ Kb5 55. a7 Rd2+ 56. Kc3 Rd3+ 57. Kb2 Rd8 58. Rh7 Kb6 59. Kc3 Nc6 60. h4 Nxa7 61. h5 Nb5+ 62. Kc2 Kc5 63.
h6 Nd4+ 64. Kc3 Nf5 65. Rf7 Nxh6 66. Rf6 Ng4 67. Rf5+ Kc6 68. Rg5 Ne3 69. Rh5 Nd5+ 70. Kc4 Nb6+ 71. Kc3 Ra8 72. Rh6+ Kc5 73. Kd3 Nd5 74. Rh5 Ra4 75. Rh8 Rd4+ 76. Ke2 Rf4 77. Ra8 Re4+ 78. Kf3 Re3+ 79. Kg4 Kd4 80. Rd8 Re7 81. Kf3 Re5 82. Ra8 Rf5+ 83. Kg3 Nc3 84. Rd8+ Ke3 85. Kg4 Ra5 86. Rb8 Ne4 87. Rb3+ Kd4 88. Rb4+ Ke5 89. Rb8 Ra3 90. Rb5+ Ke6 91. Rb6+ Nd6 92. Rb8 Ke5 93. Rh8 Ne4 94. Re8+ Kd4 95. Kf4 Nf6 96. Rd8+ Nd5+ 97. Kg4 Ra7 98. Kf3 Ke5 1/2-1/2

[Event "Reykjavik Open 2025"]
[Site "Reykjavik, Iceland"]
[Date "2025.04.09"]
[Round "1.19"]
[White "Sivuk, Vitaly"]
[Black "Burgalat, Eliot"]
[Result "0-1"]
[ECO "A20"]
[WhiteElo "2505"]
[BlackElo "2119"]
[PlyCount "92"]
[EventDate "2025.??.??"]
[TimeControl "90+30"]
[WhiteClock "0:01:32"]
[BlackClock "0:16:19"]

1. c4 e5 2. d3 Nc6 3. Nf3 f5 4. a3 a5 5. Nc3 Nf6 6. g3 Be7 7. Bg2 O-O 8. O-O d6 9. Rb1 h6 10. b4 axb4 11. axb4 Qe8 12. b5 Nd8 13. c5 Be6 14. Bb2 Nd5 15.
Nd2 Qf7 16. Ra1 Rxa1 17. Qxa1 Bg5 18. Nf3 Nxc3 19. Bxc3 Bf6 20. b6 Nc6 21. bxc7 Qxc7 22. cxd6 Qxd6 23. Rb1 e4 24. Ne1 Nd4 25. Bxd4 Bxd4 26. Qa4 f4 27. gxf4 Bxf2+ 28. Kxf2 Qxf4+ 29. Kg1 Qf2+ 30. Kh1 Qxe2 31. Nc2 exd3 32. Nd4 Qg4 33. Bf3 Rxf3 34. Qe8+ Kh7 35. Nxe6 Qf5 36. Rg1 Rf1 37. Ng5+ hxg5 38. Qh5+ Kg8 39. Qe8+ Kh7 40. Qh5+ Kg8 41. Qe8+ Qf8 42. Qe6+ Rf7 43. Rxg5 d2 44. Rd5 Qa8 45. h3 Qa1+ 46. Kh2 d1=Q 0-1

[Event "Reykjavik Open 2025"]
[Site "Reykjavik, Iceland"]
[Date "2025.04.09"]
[Round "1.21"]
[White "Zierk, Steven"]
[Black "Hartung, Thomas"]
[Result "1-0"]
[ECO "A05"]
[WhiteElo "2501"]
[BlackElo "2118"]
[PlyCount "101"]
[EventDate "2025.??.??"]
[TimeControl "90+30"]
[WhiteClock "0:06:52"]
[BlackClock "0:08:23"]

1. Nf3 d5 2. g3 Nf6 3. Bg2 g6 4. c4 Bg7 5. cxd5 Nxd5 6. Nc3 O-O 7. O-O c6 8. d4 Nd7 9. e4 Nxc3 10. bxc3 Qa5 11. Qb3 Nb6 12. Bd2 Be6 13. c4 Qa6 14. d5 cxd5 15. cxd5 Bd7 16. Bc3 Ba4 17. Qb4 Qc4 18. Rac1 Rfc8 19. Bd2 Qxb4 20. Bxb4 Kf8 21. Bh3 Bd7 22. Bxd7 Nxd7 23. Kg2 Ke8 24. Rfd1 Ne5 25. Bc3 Nxf3 26. Bxg7 Ng5 27. f3 f6 28. Bh6 Nf7 29. Be3 b6 30. f4 Kd7 31. Kf3 b5 32. Bd4 Nd6 33.
e5 fxe5 34. fxe5 Rf8+ 35. Ke2 Nc4 36. Rf1 a6 37. a4 Rxf1 38.
Rxf1 bxa4 39. Kd3 Rc8 40. Rb1 a3 41. Rb4 Nb2+ 42. Bxb2 axb2 43. Rxb2 Rc1 44. Rb7+ Kd8 45. e6 Rc7 46. Rb6 Ra7 47. Rb8+ Kc7 48.
Re8 Kb6 49. d6 exd6 50. e7 Rb7 51. Kd4 1-0

[Event "Reykjavik Open 2025"]
[Site "Reykjavik, Iceland"]
[Date "2025.04.09"]
[Round "1.29"]
[White "Clyde, Jordan"]
[Black "Larkin, Vladyslav"]
[Result "1/2-1/2"]
[ECO "A05"]
[WhiteElo "2095"]
[BlackElo "2449"]
[PlyCount "61"]
[EventDate "2025.??.??"]
[TimeControl "90+30"]
[WhiteClock "0:06:46"]
[BlackClock "0:22:04"]

1. Nf3 Nf6 2. d3 d5 3. Bg5 e6 4. c3 Be7 5. e3 h6 6. Bh4 b6 7. Qa4+ c6 8. e4 b5 9. Qc2 a5 10. Nbd2 Ba6 11. d4 O-O 12. Be2 b4 13.
c4 c5 14. dxc5 Nc6 15. O-O d4 16. e5 Nd7 17. Bxe7 Qxe7 18. Nb3 a4 19. Nbxd4 Nxd4 20. Nxd4 Qxc5 21. Nf3 Bb7 22. Rfe1 a3 23. Rad1 Bc6 24. b3 Rad8 25. Qd2 Bxf3 26. Bxf3 Nxe5 27. Qxd8 Rxd8 28. Rxd8+ Kh7 29. Be2 Kg6 30. Red1 Kf6 31. Rb8 1/2-1/2

[Event "Reykjavik Open 2025"]
[Site "Reykjavik, Iceland"]
[Date "2025.04.09"]
[Round "1.41"]
[White "Schellenpfeil, Wolfgang"]
[Black "Niermann, Tristan"]
[Result "0-1"]
[ECO "A70"]
[WhiteElo "2079"]
[BlackElo "2427"]
[PlyCount "64"]
[EventDate "2025.??.??"]
[TimeControl "90+30"]
[WhiteClock "0:11:25"]
[BlackClock "1:17:12"]

1. d4 Nf6 2. c4 e6 3. Nf3 c5 4. d5 exd5 5. cxd5 d6 6. Nc3 g6 7. e4 Bg7 8. Be2 Bg4 9. O-O O-O 10. Nd2 Bxe2 11. Qxe2 Re8 12. Qd3 Na6 13. a3 Nc7 14. f4 b5 15. Qf3 a5 16. g4 c4 17. g5 Nd7 18. h4 Rc8 19. Kg2 b4 20.
axb4 axb4 21. Nd1 c3 22. Nc4 Nb5 23. Na5 Nd4 24. Qf2 Rxe4 25.
Be3 c2 26. Bxd4 Bxd4 27. Qf3 cxd1=Q 28. Rfxd1 Rc2+ 29. Kh1 Re3 30. Qg4 f5 31. gxf6 Nxf6 32. Qg5 Rh3# 0-1

[Event "Reykjavik Open 2025"]
[Site "Reykjavik, Iceland"]
[Date "2025.04.10"]
[Round "2.1"]
[White "Lohia, Sohum"]
[Black "Maghsoodloo, Parham"]
[Result "0-1"]
[WhiteElo "2354"]
[WhiteTitle "FM"]
[WhiteFideId "5819369"]
[BlackElo "2684"]
[BlackTitle "GM"]
[BlackFideId "12539929"]
[TimeControl "90+30 +30 after 40 moves"]
[Variant "Standard"]
[ECO "B44"]
[Opening "Sicilian Defense: Taimanov Variation, Szén Variation"]
[StudyName "Round 2"]
1. e4 c5 2. Nf3 e6 3. d4 cxd4 4. Nxd4 Nc6 5. Nb5 d6 6. c4 Nf6 7. N1c3 a6 8. Nd4 Bd7 9. Be2 Rc8 10. Nxc6 Bxc6 11. Qd4 g6 12. O-O Bg7 13. Rd1 O-O 14. Qe3 Qc7 15. Bd2 Qb8 16. a4 Rfd8 17. Qf4 h6 18. h4 Qc7 19. b4 Be8 20. Rac1 Qe7 21. Be3 d5 22. Bc5 Rxc5 23. bxc5 e5 24. Qf3 dxe4 25. Nxe4 Rxd1+ 26. Bxd1 Nxe4 27. Qxe4 Bc6 28. Qg4 h5 29. Qc8+ Kh7 30. Qh3 e4 31. Bc2 Bd4 32. Re1 Qxc5 33. Qg3 f5 34. Qc7+ Bg7 35. Rd1 e3 36. fxe3 Qxe3+ 37. Kf1 Qc3 38. Bd3 Bxa4 39. Be2 Bxd1 40. Bxd1 b5 41. c5 Qc1 42. Ke2 Qc4+ 43. Kd2 Kh6 44. Be2 Bc3+ 45. Kc2 Qb4 0-1

[Event "Reykjavik Open 2025"]
[Site "Reykjavik, Iceland"]
[Date "2025.04.10"]
[Round "2.2"]
[White "Ivic, Velimir"]
[Black "Muetsch, Annmarie"]
[Result "1-0"]
[WhiteElo "2623"]
[WhiteTitle "GM"]
[WhiteFideId "950122"]
[BlackElo "2329"]
[BlackTitle "WIM"]
[BlackFideId "12971367"]
[TimeControl "90+30 +30 after 40 moves"]
[Variant "Standard"]
[ECO "A20"]
[Opening "English Opening: King's English Variation"]
[StudyName "Round 2"]
1. c4 e5 2. g3 d6 3. Bg2 Nd7 4. Nc3 g6 5. Nf3 Bg7 6. O-O Ne7 7. d3 O-O 8. Rb1 a5 9. a3 Nc5 10. b4 axb4 11. axb4 Ne6 12. Bb2 c6 13. e3 d5 14. Qb3 d4 15. Ne4 Nf5 16. Rfe1 Nd6 17. Ned2 c5 18. exd4 exd4 19. Ba3 Qc7 20. bxc5 Nxc5 21. Bxc5 Qxc5 22. Qb6 Qxb6 23. Rxb6 Rd8 24. Ng5 h6 25. Nge4 Nxe4 26. Bxe4 Ra3 27. Reb1 Bf8 28. R6b3 Rxb3 29. Rxb3 Rd7 30. Rb5 Be7 31. Nb3 Kg7 32. Bd5 Bf6 33. Nc5 Rc7 34. Nxb7 Bxb7 35. Bxb7 Be7 36. Kg2 f5 37. h4 h5 38. Bd5 Bc5 39. Kf3 Ba3 40. Ra5 Bb4 41. Ra4 Bc5 42. Ra6 Bb4 43. Kf4 Bd2+ 44. Ke5 Be1 45. Ra2 Bc3 46. Kd6 Rc8 47. Kd7 Rc5 48. Ra7 Kh6 49. f4 Bb4 50. Rb7 Ba3 51. Rb3 Ra5 52. Rxa3 Rxa3 53. c5 Ra7+ 54. Kd6 1-0

[Event "Reykjavik Open 2025"]
[Site "Reykjavik, Iceland"]
[Date "2025.04.10"]
[Round "2.3"]
[White "Safarli, Eltaj"]
[Black "Dushyant Sharma"]
[Result "1/2-1/2"]
[WhiteElo "2617"]
[WhiteTitle "GM"]
[WhiteFideId "13402129"]
[BlackElo "2313"]
[BlackTitle "IM"]
[BlackFideId "25065130"]
[TimeControl "90+30 +30 after 40 moves"]
[Variant "Standard"]
[ECO "C77"]
[Opening "Ruy Lopez: Morphy Defense, Anderssen Variation"]
[StudyName "Round 2"]
1. e4 e5 2. Nf3 Nc6 3. Bb5 a6 4. Ba4 Nf6 5. d3 b5 6. Bb3 Bc5 7. Nc3 d6 8. Nd5 h6 9. c3 Be6 10. Nxf6+ Qxf6 11. O-O O-O 12. Bxe6 fxe6 13. b4 Bb6 14. Be3 d5 15. Qe2 Ne7 16. a4 Ng6 17. axb5 axb5 18. Rxa8 Rxa8 19. Bxb6 cxb6 20. Qe3 Ra3 21. Rc1 d4 22. cxd4 exd4 23. Qxd4 Nf4 24. Rc8+ Kh7 25. Qxf6 gxf6 26. h4 Rxd3 27. e5 fxe5 28. Nxe5 Rd4 29. Rc7+ Kg8 30. g3 Nd5 31. Rb7 Rxb4 32. h5 Re4 33. Nd7 b4 34. Nxb6 Nxb6 35. Rxb6 Kf7 36. Kg2 Re5 37. g4 Re4 38. Kg3 Kf6 39. Rb5 Rc4 40. f3 Rd4 41. Rb7 Rc4 42. Rh7 b3 43. Rxh6+ Ke5 44. Rg6 Kd6 45. Rg8 Kc7 46. h6 b2 47. h7 b1=Q 48. h8=Q 1/2-1/2

[Event "Reykjavik Open 2025"]
[Site "Reykjavik, Iceland"]
[Date "2025.04.10"]
[Round "2.4"]
[White "Frayna, Janelle Mae"]
[Black "Ivanchuk, Vasyl"]
[Result "0-1"]
[WhiteElo "2311"]
[WhiteTitle "WGM"]
[WhiteFideId "5212499"]
[BlackElo "2604"]
[BlackTitle "GM"]
[BlackFideId "14100010"]
[TimeControl "90+30 +30 after 40 moves"]
[Variant "Standard"]
[ECO "A29"]
[Opening "English Opening: King's English Variation, Four Knights Variation, Fianchetto Line, with Nb6"]
[StudyName "Round 2"]
1. c4 e5 2. Nc3 Nf6 3. Nf3 Nc6 4. g3 d5 5. cxd5 Nxd5 6. Bg2 Nb6 7. O-O Be7 8. b3 Bf5 9. Bb2 Qd7 10. d4 exd4 11. Nb5 Be4 12. Nbxd4 Bf6 13. Ne5 Bxe5 14. Bxe4 Nxd4 15. e3 Nf3+ 16. Qxf3 Bxb2 17. Bxb7 O-O 18. Rab1 Be5 19. Rfd1 Bd6 20. Bxa8 Rxa8 21. Qb7 Qc8 22. Qc6 Qe8 23. Qb7 h5 24. Rbc1 h4 25. Rd4 Rb8 26. Qg2 hxg3 27. hxg3 Qe5 28. Rcd1 g6 29. Qh3 Re8 30. Kg2 Qc5 31. Kg1 Kg7 32. Rh4 Be5 33. Kg2 Qc6+ 34. Kg1 Qc2 35. Rf1 Qxa2 36. Re4 Qxb3 37. Qg2 Nd5 38. f4 Nxe3 39. Qf3 Qb6 40. fxe5 Nxf1+ 41. Kxf1 Qb5+ 42. Kg2 Qd5 0-1

[Event "Reykjavik Open 2025"]
[Site "Reykjavik, Iceland"]
[Date "2025.04.10"]
[Round "2.5"]
[White "Banusz, Tamas"]
[Black "Sarkar, Justin"]
[Result "1-0"]
[WhiteElo "2592"]
[WhiteTitle "GM"]
[WhiteFideId "722413"]
[BlackElo "2305"]
[BlackTitle "IM"]
[BlackFideId "2010011"]
[TimeControl "90+30 +30 after 40 moves"]
[Variant "Standard"]
[ECO "A36"]
[Opening "English Opening: Symmetrical Variation, Ultra-Symmetrical Variation"]
[StudyName "Round 2"]
1. c4 g6 2. g3 Bg7 3. Bg2 c5 4. Nc3 Nc6 5. d3 e6 6. h4 h6 7. h5 g5 8. f4 d5 9. cxd5 exd5 10. Nxd5 Nge7 11. Nxe7 Qxe7 12. Nf3 g4 13. Nh4 Qd6 14. Be4 Ne7 15. Qc2 Rb8 16. Bd2 O-O 17. Rc1 b6 18. b4 f5 19. Bg2 Be6 20. bxc5 bxc5 21. Bc3 Bd4 22. Bxd4 cxd4 23. Qc7 Qb4+ 24. Kf2 Qd2 25. Qe5 Bxa2 26. Qxe7 Rbe8 27. Rhd1 Qxd1 28. Qxf8+ 1-0

[Event "Reykjavik Open 2025"]
[Site "Reykjavik, Iceland"]
[Date "2025.04.10"]
[Round "2.6"]
[White "George Samir, David"]
[Black "Muradli, Mahammad"]
[Result "0-1"]
[WhiteElo "2303"]
[WhiteTitle "FM"]
[WhiteFideId "10657789"]
[BlackElo "2588"]
[BlackTitle "GM"]
[BlackFideId "13409301"]
[TimeControl "90+30 +30 after 40 moves"]
[Variant "Standard"]
[ECO "E11"]
[Opening "Bogo-Indian Defense: Retreat Variation"]
[StudyName "Round 2"]
1. c4 e6 2. Nf3 d5 3. d4 Nf6 4. g3 Bb4+ 5. Bd2 Be7 6. Bg2 Nbd7 7. O-O c6 8. Qc2 b6 9. Bf4 Ba6 10. Ne5 Nxe5 11. dxe5 Nd7 12. cxd5 cxd5 13. Rd1 Rc8 14. Nc3 b5 15. e4 b4 16. Qa4 bxc3 17. Qxa6 c2 18. Rdc1 d4 19. Qa4 d3 20. Qb5 g5 21. Be3 O-O 22. Qxd3 Nxe5 23. Qe2 Qd3 24. Qh5 Qb5 25. Bf1 Qxb2 26. Bxg5 Nf3+ 27. Qxf3 Bxg5 28. Qg4 Qg7 29. f4 Be7 0-1

[Event "Reykjavik Open 2025"]
[Site "Reykjavik, Iceland"]
[Date "2025.04.10"]
[Round "2.7"]
[White "Gupta, Abhijeet"]
[Black "Bjornsson, Sigurbjorn"]
[Result "1-0"]
[WhiteElo "2576"]
[WhiteTitle "GM"]
[WhiteFideId "5010608"]
[BlackElo "2303"]
[BlackTitle "FM"]
[BlackFideId "2300974"]
[TimeControl "90+30 +30 after 40 moves"]
[Variant "Standard"]
[ECO "E10"]
[Opening "Indian Defense: Anti-Nimzo-Indian"]
[StudyName "Round 2"]
1. d4 Nf6 2. c4 e6 3. Nf3 d5 4. g3 Nbd7 5. Bg2 dxc4 6. O-O Rb8 7. a4 a6 8. a5 Bd6 9. Nfd2 b5 10. axb6 Nxb6 11. Nxc4 Nxc4 12. Qa4+ Rb5 13. Bc6+ Nd7 14. Qxc4 Rb4 15. Qc3 O-O 16. Bf4 Nb6 17. Nd2 Be7 18. Rfd1 Nd5 19. Bxd5 Qxd5 20. Qxc7 Bb7 21. Nf3 Bf6 22. Bd6 Rc8 23. Qxc8+ Bxc8 24. Bxb4 Bb7 25. Re1 Qe4 26. Ra3 g5 27. Re3 Qd5 28. g4 h5 29. h3 hxg4 30. hxg4 Bxd4 31. Rd1 e5 32. Rxe5 Bxf2+ 33. Kxf2 Qxd1 34. Rxg5+ Kh7 35. Rh5+ Kg6 36. Ne5+ Kf6 37. Rf5+ Ke6 38. Nd3 Bh1 39. Rc5 a5 40. Rc1 Qxc1 41. Nxc1 axb4 42. Nd3 b3 43. Ke3 Kd5 44. Kf4 Kd4 45. Ne5 Bd5 46. e3+ Kc5 47. Kf5 f6 48. Kxf6 Bg8 49. Nd3+ Kd5 50. Kg7 Ke4 51. Nc5+ Kxe3 52. Kxg8 1-0